 Dungeon Crawl Stone Soup version 0.22-a0-422-g9628fc87f1 (webtiles) character file.

82 Kriby the Chopper (level 4, 0/61 HPs)
             Began as a Hill Orc Monk on May 17, 2018.
             Slain by a big kobold
             ... wielding a +4 dagger of venom
              (1 damage)
             ... on level 3 of the Dungeon.
             The game lasted 00:01:44 (2013 turns).

Kriby the Chopper (Hill Orc Monk)                   Turns: 2013, Time: 00:01:45

Health: 0/61       AC: 22    Str: 14    XL:     4   Next: 43%
Magic:  4/4        EV:  2    Int: 10    God:
Gold:   62         SH:  0    Dex: 13    Spells: 3/3 levels left

rFire    + . .     SeeInvis .   a - +0 hand axe
rCold    + . .     Gourm    .   (no shield)
rNeg     + + +     Faith    .   (armour currently unavailable)
rPois    +         Spirit   .   (helmet currently unavailable)
rElec    +         Reflect  .   (cloak currently unavailable)
rCorr    +         Harm     .   (gloves currently unavailable)
MR       .....     NoTele   +   (boots currently unavailable)
Stlth    ++........             (no amulet)
HPRegen  0.20/turn              (no ring)
MPRegen  0.09/turn              (no ring)

@: lethally poisoned (0 -> -39), tree-form, resistant
A: no striking features
a: no special abilities


You were on level 3 of the Dungeon.
You were not hungry.
You were a tree.
You visited 1 branch of the dungeon, and saw 3 of its levels.

You collected 62 gold pieces.

Inventory:

Hand Weapons
 a - a +0 hand axe (weapon)
Armour
 b - a +0 helmet (melded)
 i - a cursed +0 plate armour (melded)
 n - a +0 pair of boots (melded)
Scrolls
 d - a scroll of blinking {unknown}
 e - 3 scrolls of identify {unknown}
 f - a scroll of teleportation {unknown}
 j - a scroll of enchant weapon {unknown}
 m - 2 scrolls of enchant armour {unknown}
 p - a scroll of remove curse {unknown}
Potions
 g - a potion of agility {unknown}
 h - a potion of brilliance {unknown}
 k - a potion of lignification
Comestibles
 c - 3 rations


   Skills:
 + Level 4.3 Fighting
 + Level 4.8 Axes
 + Level 2.0 Armour
 + Level 2.9 Dodging
 - Level 1.5 Stealth


You had 3 spell levels left.
You didn't know any spells.
Your spell library was empty.

Dungeon Overview and Level Annotations

Branches:
Dungeon (3/15)

Altars:
Gozag
Hepliaklqana


Message History

* * * LOW HITPOINT WARNING * * *
You feel very sick. The big kobold barely misses you.
Okay, then.
You closely miss the big kobold.
The big kobold is heavily wounded.
* * * LOW HITPOINT WARNING * * *
You feel very sick.
The big kobold hits you but does no damage.
You hit the big kobold.
The big kobold is heavily wounded.
* * * LOW HITPOINT WARNING * * *
You feel very sick.
The big kobold hits you but does no damage.
It was a potion of resistance.
You feel protected.
* * * LOW HITPOINT WARNING * * *
You feel very sick.
The big kobold hits you with a dagger of venom.
You die...

#.##......#.#....#
#.###......#.......# #.#
##.##.##.......# #.#
##.#≈≈≈#.....>.### #..
≈≈≈≈≈≈≈≈....#....
..######≈≈≈≈≈≈≈≈...###.#
.......###≈≈≈####.....<#
#....K..#####)...# #.#
#♣(((.(.)..)####.#
###.....###).....#
#######!.#####.. #.. ###
#.. #.. #.. #.. #..


You could see a big kobold.

Vanquished Creatures
  A gnoll (D:1)
  3 adders
  2 leopard geckos
  5 bats
  2 giant cockroaches
  4 goblins
  7 hobgoblins
  2 jackals (D:1)
  A quokka (D:2)
  A frilled lizard (D:1)
  12 kobolds
  4 rats (D:1)
44 creatures vanquished.

Vanquished Creatures (others)
  7 toadstools (D:1)
7 creatures vanquished.

Grand Total: 51 creatures vanquished

Notes
Turn   | Place    | Note
-------+----------+-------------------------------------------
     0 | D:1      | Kriby the Hill Orc Monk began the quest for the Orb.
     0 | D:1      | Reached XP level 1. HP: 19/19 MP: 1/1
   178 | D:1      | Reached XP level 2. HP: 20/27 MP: 2/2
   579 | D:1      | Reached skill level 1 in Armour
   776 | D:1      | Reached XP level 3. HP: 28/33 MP: 3/3
  1132 | D:2      | Found a hazy altar of Hepliaklqana.
  1550 | D:2      | Found an opulent altar of Gozag.
  1605 | D:2      | Reached XP level 4. HP: 39/40 MP: 4/4
  1994 | D:3      | Noticed a big kobold
  2013 | D:3      | HP: 1/61 [poisoned by a big kobold]
  2013 | D:3      | Slain by a big kobold

Vault maps used:
D:1:      nagdon_arrival_double_spiral, solitary_fountain
D:2:      grunt_gozag_statues, marbit_many_paths
D:3:      cheibrodos_thug_alley, uniq_purgy, uniq_crazy_yiuf_cottage

Skill      XL: |  1  2  3  4 |
---------------+-------------+-----
Armour         | 1 2 |  2.0
Fighting       | 4 |  4.3
Axes           | |  4.8
Dodging        | |  2.9
Stealth        | |  1.5

Action                   |  1- 3 |  4- 6 || total
-------------------------+-------+-------++-------
Melee: Hand axe          |   122 |    57 ||   179
  Use: Potion            |       |     2 ||     2
 Stab: Sleeping          |     1 |       ||     1
  Eat: Chunk             |     2 |     2 ||     4
Armor: Plate armour      |    72 |    58 ||   130
       Robe              |     9 |       ||     9
       Skin              |       |     1 ||     1
Dodge: Dodged            |    42 |    14 ||    56

Table legend:
 A = Spawn XP
 B = Non-spawn XP
 C = Spawn XP percentage of total XP
 D = Spawn monster count
 E = Non-spawn monster count
 F = Spawn count percentage of total count
 G = Total turns spent on level
                    A         B        C        D         E        F      G
               +---------+---------+-------+---------+---------+-------+---------
         Total |       0 |     118 |   0.0 |       0 |      44 |   0.0 |  2013
               +---------+---------+-------+---------+---------+-------+---------
           D:1 |       0 |      46 |   0.0 |       0 |      23 |   0.0 |  1058
           D:2 |       0 |      40 |   0.0 |       0 |      10 |   0.0 |   687
           D:3 |       0 |      32 |   0.0 |       0 |      11 |   0.0 |   268
               +---------+---------+-------+---------+---------+-------+---------
